 Dungeon Crawl Stone Soup version 0.20.1-1-g8b1a95d (webtiles) character file.

14 JackS81 the Grave Robber (level 2, -1/19 HPs)
             Began as a Vampire Necromancer on Aug 20, 2017.
             Slain by a worm (8 damage)
             ... on level 1 of the Dungeon.
             The game lasted 00:07:07 (971 turns).

JackS81 the Grave Robber (Vampire Necromancer)       Turns: 971, Time: 00:07:07

Health: -1/19      AC:  2    Str:  7    XL:     2   Next: 31%
Magic:  1/5        EV: 12    Int: 17    God:
Gold:   47         SH:  0    Dex: 14    Spells: 3/5 levels left

rFire    . . .     SeeInvis +   e - +0 spear
rCold    . . .     Gourm    .   (no shield)
rNeg     + . .     Faith    .   a - +0 robe
rPois    .         Spirit   .   (no helmet)
rElec    .         Reflect  .   (no cloak)
rCorr    .         Harm     .   (no gloves)
MR       .....                  (no boots)
Stlth    ++........             (no amulet)
Regen    0.1/turn               (no ring)
MPRegen  0.1/turn               (no ring)

@: very slightly contaminated
A: fangs 3, see invisible, unbreathing
a: no special abilities


You were on level 1 of the Dungeon.
You were not thirsty.

You visited 1 branch of the dungeon, and saw 1 of its levels.

You collected 47 gold pieces.

Inventory:

Hand Weapons
 e - a +0 spear (weapon)
 f - a +0 hunting sling
 n - a +0 whip
Missiles
 g - 19 stones (quivered)
Armour
 a - a +0 robe (worn)
Jewellery
 k - an uncursed amulet of guardian spirit {unknown}
Scrolls
 d - 4 scrolls of identify {unknown}
 h - a scroll of amnesia {unknown}
 i - a scroll of blinking {unknown}
 l - 2 scrolls of remove curse {unknown}
 m - a scroll of teleportation {unknown}
Potions
 c - 2 potions of blood
 j - 2 potions of brilliance {unknown}
Books
 b - a book of Necromancy

   Spells                             Type                      Level
   a - Pain                           Necromancy                   1
   b - Animate Skeleton               Necromancy                   1
   c - Vampiric Draining              Necromancy                   3
   d - Regeneration                   Charms/Necromancy            3
   e - Animate Dead                   Necromancy                   4
   f - Control Undead                 Necromancy                   4


   Skills:
 - Level 2.1 Dodging
 * Level 3.7 Stealth
 - Level 2.0 Spellcasting
 + Level 4.8 Necromancy


You had 3 spell levels left.
You knew the following spells:

 Your Spells              Type           Power        Failure   Level  Hunger
a - Pain                  Necr           ###.         2%          1    #......
b - Animate Skeleton      Necr           N/A          2%          1    #......


Dungeon Overview and Level Annotations

Branches:
Dungeon (1/15)

Altars:


Innate Abilities, Weirdness & Mutations

You have razor-sharp teeth.
You have supernaturally acute eyesight. (SInv)
You can survive without breathing.


Message History

Aim: a worm (chance to defeat MR: 84%)
The worm writhes in agony!
Casting: Pain
Confirm with . or Enter, or press ? or * to list all spells.
Aiming: Pain
Press: ? - help, Shift-Dir - straight line, f/p - worm
Aim: a worm (lightly wounded, chance to defeat MR: 84%)
The worm writhes in agony!
You hit the worm.
The worm is heavily wounded.
The worm bites you.
You hit the worm but do no damage.
The worm is heavily wounded.
The worm bites you.
You barely miss the worm.
The worm is moderately wounded.
You hit the worm but do no damage.
The worm is moderately wounded.
The worm bites you!
You die...

#.#.# ####### #.#.#
#.....# ##.#.#
#########.###.# ...#.#
#.........# #.#
####.####.###########.#
# #......### #..).##.#
####..#.....# #.#.###.#
#.........#.###.....#.#
#.##..#####....w@.#.#.#
#.........##'###'##Z#Z#
####.###.##...#...#.#.#
.# #.###.##.>.#...#...#
.###...#.##...#...#####
..##.#.#%##.>.#.<.#
#.##...#.##...#...#
#.##.#....#.>.#[..#
#.[#...#..#...#...#


You could see a worm.

Vanquished Creatures
  An ooze (D:1)
  A giant cockroach (D:1)
  2 hobgoblins (D:1)
  3 kobolds (D:1)
  A rat (D:1)
8 creatures vanquished.

Vanquished Creatures (collateral kills)
  A goblin (D:1)
  A hobgoblin (D:1)
  A frilled lizard (D:1)
3 creatures vanquished.

Grand Total: 11 creatures vanquished

Notes
Turn   | Place    | Note
-------+----------+-------------------------------------------
     0 | D:1      | JackS81 the Vampire Necromancer began the quest for the Orb.
     0 | D:1      | Reached XP level 1. HP: 13/13 MP: 3/3
    49 | D:1      | Learned a level 1 spell: Animate Skeleton
   361 | D:1      | Reached XP level 2. HP: 7/19 MP: 0/5
   971 | D:1      | Slain by a worm

Action                   || total
-------------------------++-------
Melee: Spear             ||    18
       Bite              ||     1
Throw: Stone             ||    13
 Cast: Pain              ||    18
       Animate Skeleton  ||     3
 Stab: Sleeping          ||     1
  Eat: Corpse            ||     3
Armor: Robe              ||     2
Dodge: Dodged            ||     6
